 Dungeon Crawl Stone Soup version 0.23.0-3-gf3c87f2 (webtiles) character file.

Game seed: 4995853247359273793

65 Borgoz the Sneak (level 4, 0/32 (33) HPs)
             Began as a Ghoul Enchanter on Feb 24, 2019.
             Slain by an orc
             ... wielding a +0 dagger
              (3 damage)
             ... on level 3 of the Dungeon.
             The game lasted 00:04:04 (1626 turns).

Borgoz the Sneak (Ghoul Enchanter)                  Turns: 1626, Time: 00:04:05

HP:   0/32 (33)     AC:  2    Str: 11    XL:     4   Next: 13%
MP:   5/5           EV: 12    Int: 10    God:
Gold: 57            SH:  0    Dex: 10    Spells: 5/6 levels left

rFire    . . .     SeeInvis .   a - +1 dagger
rCold    + . .     Gourm    .   (no shield)
rNeg     + + +     Faith    .   b - +0 robe
rPois    ∞         Spirit   .   (no helmet)
rElec    .         Reflect  .   (no cloak)
rCorr    .         Harm     .   (no gloves)
MR       .....                  (no boots)
Stlth    ++........             (no amulet)
HPRegen  0.00/turn              (no ring)
MPRegen  0.09/turn              (no ring)

@: rotting
A: rotting body, claws 1, carnivore, cold resistance 1, negative energy
resistance 3, inhibited regeneration, torment resistance, unbreathing
a: no special abilities


You were on level 3 of the Dungeon.
You were not hungry.

You visited 1 branch of the dungeon, and saw 3 of its levels.

You collected 57 gold pieces.

Inventory:

Hand Weapons
 a - a +1 dagger (weapon)
Armour
 b - a +0 robe (worn)
Scrolls
 c - 2 scrolls of blinking
Comestibles
 d - 4 rations


   Skills:
 * Level 2.2 Short Blades
 + Level 2.3 Dodging
 + Level 3.8 Stealth
 - Level 1.7 Spellcasting
 + Level 2.8 Hexes


You had 5 spell levels left.
You knew the following spells:

 Your Spells              Type           Power        Failure   Level  Hunger
a - Corona                Hex            #......      10%         1    ##.....

Your spell library contained the following spells:

 Spells                   Type           Power        Failure   Level  Hunger
 Ensorcelled Hibernation  Hex/Ice        #.....       26%         2    ###....
 Confuse                  Hex            #.......     30%         3    ####...
 Tukima's Dance           Hex            #.......     30%         3    ####...
 Dazzling Spray           Conj/Hex       #.....       47%         3    ####...


Dungeon Overview and Level Annotations

Branches:
Dungeon (3/15)

Altars:


Innate Abilities, Weirdness & Mutations

Your body is rotting away.
You thrive on raw meat.
You are immune to poison.
You have sharp fingernails.
You are carnivorous and can eat meat at any time.
Your flesh is cold resistant. (rC+)
You are immune to negative energy. (rN+++)
You do not regenerate when monsters are visible.
You are immune to unholy pain and torment.
You can survive without breathing.


Message History

The kobold is heavily wounded.
You barely miss the kobold.
The kobold is heavily wounded.
The kobold barely misses you.
You miss the kobold.
The kobold is heavily wounded.
The kobold hits you but does no damage.
You hit the kobold.
The kobold is severely wounded.
The kobold hits you with a +0 whip.
* * * LOW HITPOINT WARNING * * *
You hit the kobold.
You kill the kobold!
You hit the orc but do no damage. The orc hits you with a +0 dagger.
* * * LOW HITPOINT WARNING * * *
Okay, then.
You aren't carrying any potions.
You closely miss the orc. The orc closely misses you.
You hit the orc but do no damage. The orc hits you with a +0 dagger.
You die...

#. ....# .#####..#
#.##... .. #.# #.....##.
.# #######.?... # #
.....##....####
.....##.......#
..............#
......##..(...#####.###.
...#..##......go@.......
#.##.###......#######...
#.##.# #......####
.....###.........#
.......###..####..#
........>.......>..
.#####...........## .#
#######.###... .# .# ..


You could see an orc and a goblin.

Vanquished Creatures
  3 adders (D:2)
  A worm (D:2)
  A leopard gecko (D:1)
  An orc (D:3)
  7 bats
  2 giant cockroaches
  A goblin (D:2)
  2 hobgoblins
  A quokka (D:2)
  A ball python (D:3)
  4 frilled lizards
  5 kobolds
  6 rats
35 creatures vanquished.

Notes
Turn   | Place    | Note
-------+----------+-------------------------------------------
     0 | D:1      | Borgoz the Ghoul Enchanter began the quest for the Orb.
     0 | D:1      | Reached XP level 1. HP: 14/14 MP: 2/2
    48 | D:1      | Reached skill level 1 in Short Blades
   146 | D:1      | Reached XP level 2. HP: 9/20 MP: 3/3
   799 | D:2      | Reached XP level 3. HP: 19/26 MP: 4/4
  1395 | D:2      | Reached XP level 4. HP: 9/32 MP: 3/5
  1626 | D:3      | Slain by an orc

Skill      XL: |  1  2  3 |
---------------+----------+-----
Short Blades   | 1 2 |  2.2
Dodging        | 2 |  2.3
Stealth        | |  3.8
Spellcasting   | |  1.7
Hexes          | |  2.8

Action                   |  1- 3 |  4- 6 || total
-------------------------+-------+-------++-------
Melee: Dagger            |   155 |    24 ||   179
 Cast: Corona            |     2 |       ||     2
  Use: Scroll            |     3 |       ||     3
       Potion            |     3 |       ||     3
 Stab: Sleeping          |     8 |       ||     8
  Eat: Chunk             |    16 |     1 ||    17
Armor: Robe              |    26 |     3 ||    29
Dodge: Dodged            |    92 |    14 ||   106
